 Dungeon Crawl Stone Soup version 0.22-a0-355-g201945f (webtiles) character file.

130 Amnesiac the Sneak (level 5, 0/27 HPs)
             Began as a Vine Stalker Fighter on Apr 17, 2018.
             Killed by divine providence
             ... invoked by an orc priest
              (11 damage)
             ... on level 4 of the Dungeon.
             The game lasted 00:02:15 (603 turns).

Amnesiac the Sneak (Vine Stalker Fighter)            Turns: 603, Time: 00:02:15

Health: 0/27       AC:  7    Str: 19    XL:     5   Next: 13%
Magic:  0/6        EV:  7    Int:  8    God:
Gold:   61         SH:  9    Dex: 14    Spells: 4/4 levels left

rFire    . . .     SeeInvis .   a - +0 rapier
rCold    . . .     Gourm    .   c - +0 shield
rNeg     . . .     Faith    .   b - +0 scale mail
rPois    .         Spirit   +   l - +0 helmet
rElec    .         Reflect  .   (no cloak)
rCorr    .         Harm     .   (no gloves)
MR       .....                  (no boots)
Stlth    +.........             (no amulet)
HPRegen  0.49/turn              (no ring)
MPRegen  0.10/turn              (no ring)

@: lethally poisoned (0 -> -1)
A: fangs 2, regeneration 1, magic shield, antimagic bite, no potion heal 3, rot
immunity
a: no special abilities


You were on level 4 of the Dungeon.
You were not hungry.

You visited 1 branch of the dungeon, and saw 5 of its levels.

You collected 61 gold pieces.

Inventory:

Hand Weapons
 a - a +0 rapier (weapon)
Armour
 b - a +0 scale mail (worn)
 c - a +0 shield (worn)
 l - a +0 helmet (worn)
Wands
 k - a wand of flame (20)
Scrolls
 e - a scroll of teleportation {!r, unknown}
 h - a scroll of remove curse {!r, unknown}
 j - 2 scrolls of identify {!r, unknown}
 m - a scroll of magic mapping {!r, unknown}
Potions
 d - a potion of might {!q}
 g - a potion of cancellation {!q, unknown}
 i - a potion of haste {!q, unknown}
Comestibles
 f - 3 rations


   Skills:
 - Level 2.6 Fighting
 * Level 3.5 Short Blades
 - Level 2.4 Armour
 + Level 3.5 Stealth
 - Level 2.6 Shields
 + Level 1.0 Evocations


You had 4 spell levels left.
You didn't know any spells.

Dungeon Overview and Level Annotations

Branches:
Dungeon (5/15)
 Temple: D:4-7

Altars:
Fedhas
Yredelemnul


Innate Abilities, Weirdness & Mutations

You have extremely sharp teeth.
Your natural rate of healing is unusually fast.
When hurt, damage is shared between your health and your magic reserves.
Your bite disrupts and absorbs the magic of your enemies.
Potions cannot restore your health.
You are immune to rotting.


Message History

You kill the goblin!
No target in view!
No target in view!
No target in view!
Things that are here:
a short sword; a goblin corpse No target in view!
HP restored.
Key pressed, stopping explore.
No target in view!
A worker ant comes into view.
The worker ant twitches its antennae in your direction.
Found a scroll labeled NAOMMA ONER.
A goblin comes into view. It is wielding a club.
You see here 11 gold pieces.
You now have 61 gold pieces (gained 11).
The goblin shouts!
You hear a shout!
You puncture the goblin!
You kill the goblin!
The worker ant barely misses you.
You puncture the worker ant!
The worker ant is moderately wounded.
The worker ant bites you but does no damage.
You puncture the worker ant!
You bite the worker ant, but do no damage.
The worker ant is almost dead.
The worker ant bites you.
You are poisoned.
The worker ant poisons you! The worker ant bites you.
You closely miss the worker ant.
The worker ant is almost dead.
You feel sick. The worker ant closely misses you.
You puncture the worker ant!
You kill the worker ant!
Your Evocations skill increases to level 1!
You have reached level 5!
You feel sick. 2 orc priests come into view.
You feel sick.
The orc priest shouts!
You hear a shout!
The orc priest moves out of view.
Things that are here:
a club; a goblin corpse The orc priest mumbles some strange prayers to Beogh against you.
Pain shoots through your body!
* * * LOW HITPOINT WARNING * * *
You feel sick.
You see here a scroll labeled NAOMMA ONER {!r}.
m - a scroll labeled NAOMMA ONER {!r} Evoke which item? (* to show all) (? for menu, Esc to quit)
Aiming: Throw Flame
Press: ? - help, Shift-Dir - straight line, f - orc priest
Aim: an orc priest, wearing a leather armour The puff of flame hits the orc priest.
The orc priest appears unharmed.
You feel sick.
Evoke which item? (* to show all) (? for menu, Esc to quit)
Aiming: Throw Flame
Press: ? - help, Shift-Dir - straight line, f/p - orc priest
Aim: an orc priest, wearing a leather armour The puff of flame hits the orc priest.
The orc priest is lightly wounded.
The orc priest mumbles some strange prayers to Beogh against you.
Beogh smites you!
You die...

#........
#........
#........
###........
#..........
#............#
#............#
#.@..# .# ...#
#...)##.#.....
#oo...†.#.#...
#....#........
#...####........
##.. ###.#..#...
#.. #...#..# ##
...
#...#..#######
##
#............#


You could see 2 orc priests.

Vanquished Creatures
  A bullfrog skeleton (D:5)
  A worker ant (D:4)
  Robin (D:4)
  3 adders
  A dart slug (D:1)
  2 leopard geckos
  2 giant cockroaches
  9 goblins (D:4)
  4 hobgoblins
  2 kobolds
  A quokka (D:2)
  2 frilled lizards
  5 rats
  A spectral orc (D:3)
35 creatures vanquished.

Notes
Turn   | Place    | Note
-------+----------+-------------------------------------------
     0 | D:1      | Amnesiac the Vine Stalker Fighter began the quest for the Orb.
     0 | D:1      | Reached XP level 1. HP: 11/11 MP: 2/2
    20 | D:1      | Reached skill level 1 in Stealth
    69 | D:1      | Reached XP level 2. HP: 16/16 MP: 3/3
   197 | D:2      | Reached XP level 3. HP: 18/19 MP: 4/4
   254 | D:3      | Found a basalt altar of Yredelemnul.
   387 | D:4      | Noticed Robin
   408 | D:4      | Killed Robin
   408 | D:4      | Gained mutation: Your natural rate of healing is unusually fast. [Vine Stalker growth]
   408 | D:4      | Reached XP level 4. HP: 20/23 MP: 5/5
   466 | D:4      | Found a blossoming altar of Fedhas.
   493 | D:5      | Entered Level 5 of the Dungeon
   522 | D:5      | Noticed a gnoll sergeant
   527 | D:5      | HP: 1/23 [gnoll/whip (5)]
   597 | D:4      | Reached skill level 1 in Evocations
   597 | D:4      | Reached XP level 5. HP: 23/27 MP: 3/6
   603 | D:4      | Killed from afar by an orc priest

Vault maps used:
D:1:      saegor_arrival_simple_b
D:2:      overflow_temple_1_default
D:3:      yredelemnul_forgotten_temple_becter, makhleb_grotto_becter,
          marbit_many_paths, minmay_joined_circles, uniq_sigmund
D:4:      nicolae_dithmenos_the_darkroom, lemuel_temple_firewalk_a,
          first_ration, fedhas_altar_4, uniq_ijyb, uniq_robin
D:5:      lemuel_doored_altar, portal_sewer_entry_f, serial_shops,
          nicolae_shop_trees, uniq_menkaure

Skill      XL: |  1  2  3  4 |
---------------+-------------+-----
Stealth        | 2 3 |  3.5
Short Blades   | 2 3 |  3.5
Evocations     | 1 |  1.0
Fighting       | |  2.6
Armour         | |  2.4
Shields        | |  2.6

Action                   |  1- 3 |  4- 6 || total
-------------------------+-------+-------++-------
Melee: Rapier            |    57 |    39 ||    96
       Bite              |    12 |    10 ||    22
Evoke: Wand              |     1 |     2 ||     3
Armor: Scale mail        |    20 |    15 ||    35
Dodge: Dodged            |    11 |    10 ||    21
Block: Shield            |    30 |     8 ||    38

Table legend:
 A = Spawn XP
 B = Non-spawn XP
 C = Spawn XP percentage of total XP
 D = Spawn monster count
 E = Non-spawn monster count
 F = Spawn count percentage of total count
 G = Total turns spent on level
                    A         B        C        D         E        F      G
               +---------+---------+-------+---------+---------+-------+---------
         Total |       0 |     186 |   0.0 |       0 |      35 |   0.0 |   603
               +---------+---------+-------+---------+---------+-------+---------
           D:1 |       0 |      10 |   0.0 |       0 |       4 |   0.0 |   152
           D:2 |       0 |      34 |   0.0 |       0 |       8 |   0.0 |    86
           D:3 |       0 |      21 |   0.0 |       0 |       6 |   0.0 |   122
           D:4 |       0 |      77 |   0.0 |       0 |      15 |   0.0 |   187
           D:5 |       0 |      44 |   0.0 |       0 |       2 |   0.0 |    56
               +---------+---------+-------+---------+---------+-------+---------
